Malikeka, chaotic female human Priestess -.. |@.... |.g.<. --.... --.-- --- Malikeka the Adept Experience level: 9 Strength: 12 Dexterity: 14 Constitution: 18 Intelligence: 9 Wisdom: 14 Charisma: 9 Health: 0(84) Energy: 36(94) AC: 8 Gold: 0 Moves: 5006 Your Inventory: Weapons a - a blessed +1 mace (weapon in hand) x - a blessed [+5] sling Armor p - a blessed +0 pair of iron shoes (being worn) Comestibles e - an uncursed clove of garlic f - an uncursed sprig of wolfsbane z - 5 uncursed food rations J - an uncursed pancake Scrolls F - an uncursed scroll of remove curse N - 3 uncursed unlabeled scrolls [of blank paper] Spellbooks g - an uncursed spellbook of healing h - an uncursed spellbook of clairvoyance Potions d - 2 potions of holy water m - a potion of holy water A - an uncursed potion of extra healing K - a blessed potion of full healing P - an uncursed puce potion [of sickness] Rings H - an uncursed ring of fire resistance Wands L - an uncursed wand of digging (0:1) Tools i - an uncursed bag [of holding] B - an uncursed key [skeleton key] I - an uncursed [tallow] candle O - an uncursed brass lantern Gems w - an uncursed yellow gem [worthless glass] Contents of the bag of holding: an [uncursed] violet gem [worthless glass] Spells known in the end: Name Level Category Fail Memory a - healing 1 healing 0% [||||||..] b - clairvoyance 3 divination 100% [||||||..] Your skills at the end: Fighting Skills Weapon Skills mace [Basic / Expert] Spellcasting Skills clerical spells [Basic / Expert] Final Attributes: You were piously aligned. Hunger level was 887. Your alignment was 34 / 35. Monster difficulty range was 1 - 9. Level difficulty was 9. You saw invisible. You aggravated monsters. Your luck was zero. You are dead. Vanquished creatures: a small mimic a flaming sphere a crocodile a giant spider 2 gnome kings 2 dogs a dwarf lord 3 dust vortices a raven a plains centaur an ape a pony 9 gnome lords 2 gnomish wizards an elf zombie 2 paper golems 12 dwarves a rothe a rabid rat 5 monkeys 2 orc zombies 2 dwarf zombies a wererat a werejackal 3 coyotes a gas spore 2 hobbits a giant rat a yellow mold 60 gnomes a garter snake a gecko a jackal a kobold 2 goblins 2 sewer rats a kobold zombie 4 newts 136 creatures vanquished. Voluntary challenges: You used a wielded weapon 222 times. You read items or engraved 4 times. You put on armor 4 times. You never genocided any monsters. You never polymorphed an object. You changed form 1 time. You used no wishes. You never wrote Elbereth's name. You encountered 1 bones level. You never used any Sokoban shortcuts. Dungeon overview: The Dungeons of Doom: levels 1 to 2 Level 1 a long staircase Level 2 stairs to The Gnomish Mines The Gnomish Mines: levels 3 to 9 Level 3 stairs to The Dungeons of Doom Level 6 some shops, a temple, a magic chest, some fountains, a sink Level 9 <- You were here History has recorded: On T:1 you entered the Dungeons of Doom to retrieve the Amulet of Yendor! On T:344 you reached level 2 of The Dungeons of Doom. On T:623 you reached level 1 of The Gnomish Mines. On T:630 you advanced to experience level 2. On T:632 you advanced to experience level 3. On T:654 you advanced to experience level 4. On T:785 you advanced to experience level 5. On T:1236 you reached level 2 of The Gnomish Mines. On T:1247 you advanced to experience level 6. On T:1580 you advanced to experience level 7. On T:1831 you reached level 3 of The Gnomish Mines. On T:2413 you reached level 4 of The Gnomish Mines. On T:2700 you advanced to experience level 8. On T:3073 you reached level 5 of The Gnomish Mines. On T:4018 you reached level 6 of The Gnomish Mines. On T:4787 you advanced to experience level 9. On T:4994 you reached level 7 of The Gnomish Mines. Latest messages: [HP+1=16] The water nymph stole an uncursed lock pick. [HP+1=17] [HP+1=18] [HP+1=19] The rock glows then fades. You hit the water nymph! The water nymph stole 171 gold pieces. [HP+1=20] [HP+1=21] [HP+1=22] [HP+1=23] [HP+1=24] The gargoyle hits! (2x) The gargoyle bites! [HP-19=5] The gargoyle hits! You die... Final status: Goodbye Malikeka the Priestess... You died in The Gnomish Mines on dungeon level 9 with 5646 points, and 0 pieces of gold, after 5006 moves. You were level 9 with a maximum of 84 hit points when you died.